 Dungeon Crawl Stone Soup version 0.23.2 (webtiles) character file.

Game seed: 18069412491208081891

320 Gargoyl the Skirmisher (level 6, -1/57 HPs)
             Began as a Centaur Abyssal Knight on Apr 6, 2019.
             Was a Believer of Lugonu.
             Succumbed to an orc wizard's poison
             ... on level 4 of the Dungeon.
             The game lasted 00:07:06 (4254 turns).

Gargoyl the Skirmisher (Centaur Abyssal Knight)     Turns: 4254, Time: 00:07:06

Health: -1/57      AC:  6    Str: 19 (22) XL:     6   Next: 22%
Magic:  7/7        EV:  9    Int: 14 (15) God:    Lugonu [**....]
Gold:   212        SH:  0    Dex:  8 (10) Spells: 5/5 levels left

rFire    + . .     SeeInvis .   a - +1 hand axe
rCold    . . .     Gourm    .   (no shield)
rNeg     . . .     Faith    .   e - +0 ring mail
rPois    .         Spirit   .   (no helmet)
rElec    .         Reflect  .   (no cloak)
rCorr    .         Harm     .   (no gloves)
MR       .....     Clarity  +   (no barding)
Stlth    ..........             (no amulet)
HPRegen  0.19/turn              d - ring of protection from fire
MPRegen  0.10/turn              j - +4 ring of intelligence

@: mighty, lethally poisoned (-1 -> -34), very quick
A: large, hooves 3, clarity, deformed body, speed 2, low mp 1, robust 1, strong
1, tough skin 3
a: Depart the Abyss, Bend Space, Renounce Religion


You were on level 4 of the Dungeon.
You worshipped Lugonu.
Lugonu was pleased with you.
You were not hungry.

You visited 1 branch of the dungeon, and saw 5 of its levels.
You visited the Abyss 1 time.

You collected 212 gold pieces.

Inventory:

Hand Weapons
 a - a +1 hand axe (weapon)
Missiles
 l - 7 javelins (quivered)
Armour
 e - a +0 ring mail (worn)
Jewellery
 d - a ring of protection from fire (left hand)
 j - a +4 ring of intelligence (right hand)
 k - an uncursed ring of ice {unknown}
Scrolls
 g - a scroll of enchant armour {unknown}
 h - a scroll of remove curse {unknown}
Comestibles
 c - 5 rations


   Skills:
 + Level 3.8 Fighting
 + Level 3.1 Axes
 * Level 3.1 Armour
 * Level 1.7 Dodging
 * Level 3.2 Invocations


You had 5 spell levels left.
You didn't know any spells.
Your spell library was empty.

Dungeon Overview and Level Annotations

Branches:
Dungeon (5/15)
 Temple: D:4-7

Altars:
Ashenzari
Cheibriados
Dithmenos
Yredelemnul

Annotations:
D:5 Grinder


Innate Abilities, Weirdness & Mutations

You have hooves in place of feet.
Armour fits poorly on your strangely shaped body.
You cover ground very quickly.
You have extremely tough skin. (AC +3)
You possess an exceptional clarity of mind.
Your magical capacity is low. (-10% MP)
You are robust. (+10% HP)
Your muscles are strong. (Str +2)


Message History

You feel very sick.
You feel very sick.
There is a stone staircase leading up here.
* * * LOW HITPOINT WARNING * * *
You feel very sick.
You climb upwards.
* * * LOW HITPOINT WARNING * * *
You feel very sick.
There is a stone staircase leading down here.
Unknown command.
You aren't carrying any potions.
* * * LOW HITPOINT WARNING * * *
You feel very sick.
* * * LOW HITPOINT WARNING * * *
You feel sick.
* * * LOW HITPOINT WARNING * * *
You feel sick.
* * * LOW HITPOINT WARNING * * *
You feel sick.
You die...

#............#
.......#..##########
###.##.#..# #.#..#
#.#..# #.#..# #.#..#
#.#..#######.#
#.>....@...#
#.########## #. ##


There were no monsters in sight!

Vanquished Creatures
  A hound (D:2)
  2 orc wizards (D:4)
  2 worker ants (D:4)
  8 adders
  4 gnolls (D:2)
  An ooze (D:1)
  A worm (D:4)
  3 dart slugs
  3 leopard geckos
  3 orcs
  3 ball pythons
  6 bats
  A giant cockroach (D:2)
  5 goblins
  7 hobgoblins
  6 kobolds
  A quokka (D:3)
  2 frilled lizards
  9 rats
  A spectral orc (D:2)
69 creatures vanquished.

Notes
Turn   | Place    | Note
-------+----------+-------------------------------------------
     0 | Abyss:1  | Gargoyl the Centaur Abyssal Knight began the quest for the
                  | Orb.
     0 | Abyss:1  | Reached XP level 1. HP: 19/19 MP: 2/2
    86 | Abyss:1  | Noticed a raiju
    89 | Abyss:1  | Noticed a raiju
    89 | Abyss:1  | Noticed a raiju
    90 | D:1      | Escaped the Abyss
   240 | D:1      | Reached * piety under Lugonu
   265 | D:1      | Reached XP level 2. HP: 26/26 MP: 3/3
   365 | D:1      | Reached skill level 1 in Dodging
   664 | D:2      | Reached XP level 3. HP: 30/31 MP: 4/4
  1226 | D:2      | Reached XP level 4. HP: 38/38 MP: 5/5
  1274 | D:2      | Reached ** piety under Lugonu
  1546 | D:2      | Reached XP level 5. HP: 36/45 MP: 5/7
  1630 | D:2      | Found a basalt altar of Yredelemnul.
  1971 | D:3      | Found a snail-covered altar of Cheibriados.
  2129 | D:3      | Found a snail-covered altar of Cheibriados.
  2284 | D:3      | Found a shadowy altar of Dithmenos.
  2284 | D:3      | Found a shattered altar of Ashenzari.
  2629 | D:4      | Noticed an ogre
  2819 | D:3      | HP: 2/46 [poisoned by a worker ant]
  2827 | D:3      | HP: 1/46 [poisoned by a worker ant]
  3854 | D:4      | Reached XP level 6. HP: 46/52 MP: 8/8
  4234 | D:5      | Entered Level 5 of the Dungeon
  4238 | D:5      | Gained mutation: Your magical capacity is low. (-10% MP)
                  | [potion of mutation]
  4238 | D:5      | Gained mutation: Your muscles are strong. (Str +2) [potion
                  | of mutation]
  4238 | D:5      | Gained mutation: You possess an exceptional clarity of
                  | mind. [potion of mutation]
  4238 | D:5      | Gained mutation: You are robust. (+10% HP) [potion of
                  | mutation]
  4242 | D:5      | Noticed Grinder
  4253 | D:4      | HP: 1/57 [poisoned by an orc wizard]
  4254 | D:4      | Succumbed to an orc wizard's poison

Skill      XL: |  1  2  3  4  5 |
---------------+----------------+-----
Axes           | 2 3 |  3.1
Dodging        | 1 |  1.7
Armour         | 2 3 |  3.1
Invocations    | 3 |  3.2
Fighting       | |  3.8

Action                   |  1- 3 |  4- 6 || total
-------------------------+-------+-------++-------
Melee: Hand axe          |    84 |   122 ||   206
       Kick              |    14 |    28 ||    42
Invok: Depart the Abyss  |     1 |       ||     1
       Bend Space        |       |     1 ||     1
  Use: Scroll            |     2 |     3 ||     5
       Potion            |       |     7 ||     7
  Eat: Chunk             |       |     5 ||     5
       Ration            |       |     1 ||     1
Armor: Ring mail         |    41 |    60 ||   101
Dodge: Dodged            |    34 |    53 ||    87
